Map: Dusk Towers

Players

LilDicky

  • Race: Terran Terran
  • League: Diamond

Ixyst - Winner!

  • Race: Terran Terran
  • League: Gold

VOD

http://www.twitch.tv/tumescentpie

Description

Time

  • Played on: Nov. 26, 2015, 4:03 p.m.
  • Length: 10:59
Show
View Real Time Build Order
Export as new Build Order

LilDicky Terran 

Build Orders: MMM Bio 

Get SALT Encoding   

  12  0:01  SCV  
  13  0:13  SCV  
  14  0:18  Supply Depot  
  14  0:26  SCV  
  15  0:31  Refinery  
  15  0:39  SCV  
  16  0:45  Barracks  
  16  0:52  SCV  
  17  1:04  SCV  
  17  1:09  Barracks  
  18  1:16  SCV  
  19  1:24  Barracks  
  19  1:32  Reaper  
  20  1:37  SCV, Refinery  
  21  1:49  Orbital Command  
  21  1:56  Reaper  
  22  2:05  Supply Depot  
  22  2:10  Reaper  
  23  2:25  Supply Depot  
  23  2:27  SCV, Reaper  
  23  2:29  Reaper  
  26  2:42  Reaper  
  26  2:45  SCV  
  27  2:53  Supply Depot  
  27  2:57  SCV  
  28  2:59  Reaper  
  28  3:01  Reaper  
  29  3:09  SCV  
  31  3:21  SCV  
  31  3:25  Command Center  
  32  3:33  SCV  
  35  3:40  Barracks Tech Lab  
  35  3:41  Barracks Tech Lab  
  32  3:43  Factory  
  32  3:47  SCV  
  32  3:48  Barracks Reactor  
  33  3:59  SCV, Marine x2  
  33  4:00  Engineering Bay  
  36  4:07  Combat Shields, Stimpack  
  36  4:11  Refinery  
  35  4:17  Marine  
  33  4:26  SCV  
  33  4:28  Factory Tech Lab  
  33  4:29  Starport  
  34  4:34  Marine  
  34  4:37  Supply Depot  
  35  4:39  SCV  
  35  4:43  Orbital Command  
  36  4:49  Terran Infantry Weapons Level 1  
  36  4:51  SCV  
  37  4:59  Marine x3  
  39  5:03  SCV  
  41  5:19  SCV  
  41  5:20  SCV  
  43  5:23  Banshee, Cloaking Field  
  43  5:26  Widow Mine, Marine  
  49  5:28  Marine  
  49  5:29  Marine  
  49  5:31  SCV  
  49  5:33  SCV  
  53  5:37  Marine  
  54  5:43  SCV  
  54  5:45  SCV  
  54  5:47  Marine  
  54  5:48  Marine  
  58  5:50  Missile Turret  
  58  5:55  SCV, Missile Turret  
  59  5:57  Factory Reactor  
  59  6:04  Marine  
  59  6:05  Marine x2  
  59  6:06  Concussive Shells  
  62  6:23  Marauder x2  
  66  6:29  Banshee  
  66  6:32  Marine  
  70  6:33  Marine  
  70  6:36  Barracks  
  70  6:37  Command Center, Barracks  
  70  6:38  Barracks  
  70  6:39  SCV  
  70  6:44  Marauder  
  52  7:02  SCV  
  52  7:03  SCV  
  52  7:04  Marine x2  
  52  7:08  Terran Infantry Armor Level 1  
  56  7:11  Engineering Bay  
  56  7:14  SCV  
  56  7:15  Barracks x3  
  57  7:17  Supply Depot  
  57  7:21  Marine  
  58  7:40  Marine x2  
  60  8:13  SCV  
  60  8:16  Siege Tank  
  60  8:17  Medivac x2  
  68  8:20  SCV  
  68  8:25  SCV  
  68  8:26  Missile Turret  
  70  8:27  Missile Turret  
  70  8:29  Missile Turret  
  70  8:30  Missile Turret  
  70  8:32  SCV  
  71  8:37  SCV  
  72  8:44  SCV  
  73  8:50  Siege Tank  
  73  8:51  Medivac x2  
  73  8:52  Marine  
  73  8:53  Marine x2  
  73  8:54  Orbital Command  
  80  8:56  SCV  
  80  8:57  SCV  
  82  9:06  Refinery  
  82  9:07  Marine x2  
  82  9:08  SCV, Marauder  
  82  9:09  SCV  
  88  9:15  Barracks Tech Lab  
  88  9:16  Marine x2  
  90  9:17  Marauder  
  90  9:21  SCV  
  93  9:31  Marine x2  
  93  9:32  Siege Tank, Marauder  
  93  9:34  Marine  
  93  9:36  Armory  
  100  9:40  Supply Depot  
  93  10:04  Siege Tank  
  96  10:13  Marine  
  96  10:14  Marine x3  
  97  10:18  SCV  
  97  10:19  SCV x2  
  96  10:30  SCV, Marine x3  
  96  10:31  SCV, Marine  
Show
View Real Time Build Order
Export as new Build Order

Ixyst Terran - Winner!

Build Orders:  

Get SALT Encoding   

  12  0:01  SCV  
  13  0:13  SCV  
  14  0:21  Supply Depot  
  14  0:25  SCV  
  15  0:43  SCV  
  15  0:45  Barracks  
  16  0:55  SCV  
  17  0:58  Barracks  
  17  1:07  SCV  
  17  1:10  Supply Depot  
  18  1:19  SCV  
  19  1:34  Marine  
  20  1:40  SCV  
  21  1:50  Command Center  
  21  1:51  Refinery  
  21  1:53  Marine  
  22  1:56  Marine  
  23  2:05  Orbital Command  
  23  2:10  Marine  
  23  2:17  Marine  
  24  2:31  SCV  
  24  2:34  Marine  
  24  2:35  Refinery  
  26  2:43  SCV, Marine  
  28  2:55  SCV, Marine  
  30  3:01  Marine  
  30  3:02  Orbital Command  
  31  3:07  SCV  
  31  3:11  Factory  
  32  3:19  SCV  
  35  3:24  Barracks Tech Lab  
  34  3:28  Barracks Reactor  
  33  3:35  SCV, Barracks  
  33  3:36  SCV  
  35  3:43  Marine  
  35  3:47  SCV  
  37  3:48  SCV  
  37  3:54  Factory Reactor  
  38  3:56  Starport  
  38  3:59  SCV  
  38  4:00  SCV  
  38  4:01  Marine  
  38  4:02  Stimpack  
  41  4:08  Supply Depot  
  41  4:10  Supply Depot  
  41  4:11  SCV  
  42  4:17  Engineering Bay  
  42  4:22  Marine x2  
  44  4:24  Barracks Reactor  
  44  4:27  Marine  
  44  4:29  SCV  
  46  4:39  Marine  
  46  4:40  Marine  
  46  4:42  Medivac  
  46  4:43  SCV  
  46  4:44  SCV  
  52  4:46  Factory Reactor  
  52  4:55  Refinery  
  52  4:56  SCV x2  
  52  4:57  Refinery  
  54  5:00  Supply Depot  
  54  5:02  Terran Infantry Weapons Level 1  
  54  5:08  SCV x2  
  56  5:15  Supply Depot  
  56  5:16  Medivac  
  56  5:20  Marine  
  56  5:21  Marine x2  
  61  5:23  Barracks, Widow Mine  
  63  5:32  SCV  
  63  5:33  SCV  
  65  5:40  Marine x2  
  65  5:41  Marine x2  
  69  5:43  Medivac  
  69  5:45  SCV x2  
  69  5:48  Supply Depot  
  73  5:57  SCV x2  
  74  6:00  Marine x5  
  80  6:09  SCV  
  81  6:15  Marine  
  81  6:18  Marine x3  
  84  6:20  Marine  
  84  6:21  Marine  
  74  6:57  Marine x2  
  74  6:58  Marine x3  
  74  7:02  Command Center, SCV x2  
  74  7:05  Widow Mine  
  74  7:06  Widow Mine  
  74  7:07  Medivac x2  
  84  7:08  Marine  
  84  7:13  Terran Infantry Armor Level 1  
  84  7:14  SCV x2, Barracks  
  84  7:15  Starport, Marine  
  88  7:26  SCV  
  88  7:28  Missile Turret  
  84  7:56  Liberator  
  83  8:06  Liberator  
  83  8:10  Marine x5  
  83  8:11  Widow Mine x2  
  92  8:27  Missile Turret  
  89  8:41  Orbital Command  
  89  8:45  Marine x2  
  89  8:46  Marine x4  
  93  8:54  Liberator x2  
  93  9:00  SCV x2  
  93  9:02  Missile Turret  
  95  9:05  Missile Turret  
  95  9:07  Marine x2  
  95  9:08  Marine x2  
  101  9:13  Starport Reactor  
  101  9:14  Barracks Reactor  
  101  9:17  Barracks Reactor  
  105  9:21  SCV x2  
  105  9:23  SCV  
  108  9:24  Marine  
  109  9:39  Armory  
  109  9:40  Supply Depot  
  109  9:41  Supply Depot, Liberator  
  109  9:42  Supply Depot  
  109  9:44  Marine x2  
  109  9:47  Widow Mine  
  109  9:57  Widow Mine, Marine x2  
  106  10:03  Marine x4  
  106  10:04  Marine x3  
  105  10:15  Marine x2  
  105  10:21  Marine x5  
  108  10:22  Marauder  
  114  10:32  Marine x2  
  116  10:39  Barracks  
  116  10:43  Barracks  
Tags
 
Add a new tag
Caveats
  • Supply blocks, unpowered buildings, or Contaminate may cause inaccurate times.
  • Supply counts are checked every 10 seconds.